 Dungeon Crawl Stone Soup version 0.19.1-1-g22dce08 (webtiles) character file.

326 DaddyBuck the Spear-Bearer (level 6, -11/52 HPs)
             Began as a Merfolk Skald on Jan 1, 2017.
             Mangled by an ogre
             ... wielding a +0 giant club
              (19 damage)
             ... on level 5 of the Dungeon.
             The game lasted 00:13:16 (2121 turns).

DaddyBuck the Spear-Bearer (Merfolk Skald)          Turns: 2121, Time: 00:13:16

Health: -11/52     AC: 15    Str: 15    XL:     6   Next: 49%
Magic:  9/9        EV:  6    Int: 11    God:
Gold:   196        SH:  0    Dex: 13    Spells: 1 memorised, 8 levels left

rFire  . . .     SeeInvis .     e - +0 trident
rCold  . . .     Gourm    .     j - +2 plate armour
rNeg   . . .     Faith    .     (no shield)
rPois  .         Spirit   .     g - +0 helmet
rElec  .         Reflect  .     (no cloak)
rCorr  +         Harm     .     (no gloves)
MR     .....                    (no boots)
Stlth  ..........               (no amulet)
                                q - ring of resist corrosion
                                i - +1 ring of protection

@: lethally poisoned (-11 -> -12)
A: change form in water, swift swim, stealthy swim
a: no special abilities


You were on level 5 of the Dungeon.
You were not hungry.

You visited 1 branch of the dungeon, and saw 4 of its levels.

You collected 196 gold pieces.

Inventory:

Hand Weapons
 e - a +0 trident (weapon)
Armour
 g - a +0 helmet (worn)
 j - a +2 plate armour (worn)
Jewellery
 i - a +1 ring of protection (left hand)
 q - a ring of resist corrosion (right hand)
Wands
 f - a wand of acid (7/15)
Scrolls
 c - a scroll of remove curse
Potions
 b - a potion of agility
 h - a potion of brilliance {unknown}
 k - a potion of curing {unknown}
 m - a potion of mutation
 o - a potion of lignification {unknown}
Comestibles
 a - a beef jerky
 d - 2 bread rations
 n - a royal jelly


   Skills:
 + Level 5.9 Fighting
 + Level 8.0 Polearms
 + Level 3.7 Armour
 + Level 6.7 Dodging
 - Level 2.1 Spellcasting
 - Level 3.5 Charms


You had 8 spell levels left.
You knew the following spells:

 Your Spells              Type           Power        Failure   Level  Hunger
a - Infusion              Chrm           #...         100%        1    ##.....


Dungeon Overview and Level Annotations

Branches:
Dungeon (3/15)

Altars:
Gozag
Vehumet


Message History

Press: ? - help, Dir - move target cursor, f - ogre
Aim: an ogre, wielding a giant club You reach to attack!
You hit the ogre.
The ogre is lightly wounded.
You feel sick.
You hit the ogre.
The ogre is lightly wounded.
The ogre hits you with a giant club!
A jackal comes into view.
The jackal barks!
You hit the ogre.
The ogre is moderately wounded.
A jackal comes into view.
You feel sick.
You open the door.
You feel sick. The ogre hits you with a giant club!
* * * LOW HITPOINT WARNING * * *
There is an open door here.
There is a stone staircase leading up here.
The ogre hits you with a giant club!!
You die...

#........# #####..##...#
...#
##..##..########...###.
#.......# .......
#.......# ......
###..##### #...#
.##..###.####+###...######
...........#...#..........
...........+...#@.........
...........#..hO..........
###.######.###.##..##.####
###.######.###.##..##.##
.#..+...#................
.#..#...#................
.#..#....................
###+##.#..........###..##
###.##.##..⌠......# ..#


You could see an ogre and a jackal.

Vanquished Creatures
  Menkaure (D:5)
  A bullfrog zombie (D:5)
  A crimson imp (D:5)
  A worker ant (D:5)
  Robin (D:2)
  An adder (D:2)
  A shadow imp (D:5)
  A dart slug (D:1)
  A leopard gecko (D:2)
  5 bats
  4 giant cockroaches
  10 goblins (D:2)
  13 hobgoblins
  7 jackals
  9 kobolds
  A ball python (D:2)
  4 frilled lizards
  A leopard gecko skeleton (D:5)
  2 rats
65 creatures vanquished.

Notes
Turn   | Place    | Note
-------+----------+-------------------------------------------
     0 | D:1      | DaddyBuck the Merfolk Skald began the quest for the Orb.
     0 | D:1      | Reached XP level 1. HP: 16/16 MP: 3/3
   225 | D:1      | Reached XP level 2. HP: 22/22 MP: 3/5
   302 | D:1      | Reached skill level 5 in Fighting
   302 | D:1      | Reached skill level 7 in Polearms
   302 | D:1      | Reached XP level 3. HP: 33/33 MP: 6/6
   952 | D:2      | Reached XP level 4. HP: 30/39 MP: 7/7
  1116 | D:2      | Noticed Robin
  1131 | D:2      | Killed Robin
  1438 | D:2      | Found an opulent altar of Gozag.
  1438 | D:2      | Found a radiant altar of Vehumet.
  1765 | D:3      | You fall through a shaft for 2 floors!
  1765 | D:5      | Entered Level 5 of the Dungeon
  1827 | D:5      | Reached XP level 5. HP: 36/45 MP: 8/8
  1861 | D:5      | Noticed Menkaure
  1875 | D:5      | Killed Menkaure
  1875 | D:5      | Reached XP level 6. HP: 3/52 MP: 9/9
  2102 | D:5      | Reached skill level 8 in Polearms
  2121 | D:5      | Mangled by an ogre

Skill      XL: |  1  2  3  4  5  6 |
---------------+-------------------+-----
Fighting       | 5 |  5.9
Polearms       | 7 8 |  8.0
Armour         | 3 |  3.7
Dodging        | 6 |  6.7
Spellcasting   | |  2.1
Charms         | |  3.5

Action                   |  1- 3 |  4- 6 || total
-------------------------+-------+-------++-------
Melee: Spear             |   167 |    86 ||   253
       Tailslap          |    21 |       ||    21
       Trident           |       |    72 ||    72
  Use: Scroll            |     2 |     7 ||     9
       Potion            |     1 |     1 ||     2
  Eat: Chunk             |       |     3 ||     3
       Bread ration      |       |     1 ||     1
Armor: Chain mail        |    12 |       ||    12
       Plate armour      |    47 |   106 ||   153
Dodge: Dodged            |    30 |    43 ||    73
